 Dungeon Crawl Stone Soup version 0.26-a0-6-g448add79b7 (webtiles) character file.

Game seed: 15921067445222657631, levelgen mode: deterministic

7 Nixze the Poker (level 2, -1/22 HPs)
             Began as a Merfolk Skald on May 24, 2020.
             Slain by a hobgoblin
             ... wielding a +0 club
              (4 damage)
             ... on level 1 of the Dungeon.
             The game lasted 00:01:43 (428 turns).

Nixze the Poker (Merfolk Skald)                      Turns: 428, Time: 00:01:44

Health: -1/22      AC:  3    Str: 11    XL:     2   Next: 0%
Magic:  1/5        EV: 12    Int: 12    God:
Gold:   39         SH:  0    Dex: 13    Spells: 4/5 levels left

rFire    . . .     SeeInvis .   a - +0 spear
rCold    . . .     Gourm    .   (no shield)
rNeg     . . .     Faith    .   b - +0 leather armour
rPois    .         Spirit   .   (no helmet)
rElec    .         Reflect  .   (no cloak)
rCorr    .         Harm     .   (no gloves)
MR       .....                  (no boots)
Stlth    +.........             (no amulet)
HPRegen  0.07/turn              (no ring)
MPRegen  0.09/turn              (no ring)

@: infused
A: change form in water, swift swim, stealthy swim
a: no special abilities


You were on level 1 of the Dungeon.
You were not hungry.

You visited 1 branch of the dungeon, and saw 1 of its levels.

You collected 39 gold pieces.

Inventory:

Hand Weapons
 a - a +0 spear (weapon)
Armour
 b - a +0 leather armour (worn)
 h - a +0 scale mail
Scrolls
 c - 2 scrolls of identify {unknown}
 e - a scroll of remove curse {unknown}
 f - a scroll of enchant weapon {unknown}
 k - a scroll of noise {unknown}
Potions
 i - a potion of might {unknown}
 j - a potion of heal wounds {unknown}
Comestibles
 d - 4 rations
 g - 2 chunks of flesh


   Skills:
 - Level 2.1 Fighting
 + Level 4.0 Polearms
 - Level 0.6 Armour
 - Level 2.6 Dodging
 - Level 2.0 Spellcasting
 - Level 3.2 Charms


You had 4 spell levels left.
You knew the following spells:

 Your Spells              Type           Power        Failure   Level  Hunger
a - Infusion              Chrm           #...         10%         1    ##.....

Your spell library contained the following spells:

 Spells                   Type           Power        Failure   Level  Hunger
 Song of Slaying          Chrm           #.......     14%         2    ###....
 Shroud of Golubria       Chrm/Tloc      #.....       28%         2    ###....
 Ozocubu's Armour         Chrm/Ice       #.......     50%         3    ####...
 Spectral Weapon          Hex/Chrm       #.......     50%         3    ####...


Dungeon Overview and Level Annotations

Branches:
Dungeon (1/15)

Altars:


Message History

Your magical infusion is running out.
You are no longer magically infusing your attacks.
Press: ? - help, v - describe, . - travel
Here: a hobgoblin, wielding a +0 club The floor.
Unknown command.
A bat comes into view.
The bat moves out of view.
The bat hits you.
* * * LOW HITPOINT WARNING * * *
You closely miss the hobgoblin. The hobgoblin hits you with a +0 club.
* * * LOW HITPOINT WARNING * * *
You hit the hobgoblin.
The hobgoblin is severely wounded.
The hobgoblin misses you.
Casting: Infusion (safe; 10% risk of failure)
Confirm with . or Enter, or press ? or * to list all spells.
You begin infusing your attacks with magical energy.
The hobgoblin hits you with a +0 club.
You die...

##...........## #..###.#(##...##
#.............####..# #.#...(....
................##..###..........
..............#..................
.................................
.................#...............
..............###................
#............####...............#
##..........###g@...............#
########.####.g######..........#
###.....#......#............
###.....g÷...................#
#......>.....................#
#.#................##>......##
...#................###.....##
.#..................# ###÷.####
#..................# ##.##..


You could see 2 hobgoblins.

Vanquished Creatures
  A giant cockroach (D:1)
  A hobgoblin (D:1)
  A kobold (D:1)
  A frilled lizard (D:1)
  A goblin (D:1)
  2 rats (D:1)
7 creatures vanquished.

Notes
Turn   | Place    | Note
-------+----------+-------------------------------------------
     0 | D:1      | Nixze the Merfolk Skald began the quest for the Orb.
     0 | D:1      | Reached XP level 1. HP: 16/16 MP: 3/3
   398 | D:1      | Reached skill level 4 in Polearms
   398 | D:1      | Reached XP level 2. HP: 5/22 MP: 0/5
   428 | D:1      | Slain by a hobgoblin

Illustrated notes

Levels and vault maps discovered:
D:1:      dpeg_arrival_boxes_within_box, layout_rooms, minmay_hexomino_u4

Skill      XL: |  1 |
---------------+----+-----
Polearms       | 4 |  4.0
Fighting       | |  2.1
Armour         | |  0.6
Dodging        | |  2.6
Spellcasting   | |  2.0
Charms         | |  3.2

Action                   || total
-------------------------++-------
Melee: Spear             ||    27
 Cast: Infusion          ||     6
Armor: Leather armour    ||     1
Dodge: Dodged            ||    10

Table legend:
 A = Non-vault XP
 B = Vault XP
 C = Vault XP percentage of total XP
 D = Non-vault monster count
 E = Vault monster count
 F = Vault count percentage of total count
                 A         B        C        D         E       F
            +---------+---------+-------+---------+---------+-------
      Total |       5 |       5 |  50.0 |       4 |       3 |  42.9
            +---------+---------+-------+---------+---------+-------
        D:1 |       5 |       5 |  50.0 |       4 |       3 |  42.9
            +---------+---------+-------+---------+---------+-------
